[Event "Titled Tuesday Blitz April 12 Early 2022"]
[White "Wagh Suyog"]
[Black "Murzin, Volodar"]
[WhiteFideId "25071688"]
[BlackFideId "44155573"]
[WhiteElo "2181"]
[BlackElo "2585"]
[Result "1-0"]
[Round "11"]
[TimeControl "180+1"]
[Date "2022.04.12"]
[WhiteClock "0:00:08"]
[BlackClock "0:00:04"]

1. e4 c6 2. d4 d5 3. e5 Bf5 4. Nf3 e6 5. Be2 Ne7 6. O-O h6 7. Nbd2 Nd7 8. Nb3 Qc7 9. a4 a5 10. Bd2 g5 11. c4 dxc4 12. Bxc4 Ng6 13. Bc3 Nb6 14. Be2 Nd5 15. Bd2 Ngf4 16. Re1 Bb4 17. Bf1 Qb6 18. Rc1 Kf8 19. Bc4 Kg7 20. Bc3 Rhd8 21. Nfd2 Rac8 22. Qf3 Ne7 23. Bf1 Neg6 24. Nc4 Qc7 25. Ncxa5 Bxc3 26. Qxc3 Nd5 27. Qd2 Ngf4 28. Nc4 Ra8 29. a5 Qe7 30. Nc5 Bh7 31. b4 Rab8 32. g3 Ng6 33. Nd6 Rxd6 34. exd6 Qxd6 35. Bd3 Nge7 36. Bxh7 Kxh7 37. Qd3+ Kg7 38. b5 cxb5 39. Qxb5 Qc6 40. Rb1 Qxb5 41. Rxb5 Nc6 42. Rxb7 Ra8 43. Rxe6 Nxd4 44. Rd6 Nc3 45. a6 Re8 46. Kf1 Nf3 47. Rd3 g4 48. Re3 Rd8 49. Rd7 Rb8 50. Nb7 Ra8 51. Rxc3 Rxa6 52. Rd1 Nxh2+ 53. Kg2 Nf3 54. Nd6 Ra5 55. Ne4 Rh5 56. Rh1 Re5 57. Re3 Rd5 58. Nc3 Rc5 59. Ne2 f5 60. Rxf3 gxf3+ 61. Kxf3 Rc4 62. Rd1 Rb4 63. Rd7+ Kf6 64. Rd6+ Kg5 65. Kg2 Rb3 66. Nf4 Rxg3+ 67. fxg3 1-0


[Site "https://www.chess.com"]

[Event "Titled Tuesday Blitz April 12 Early 2022"]
[White "Weetik, Vjacheslav"]
[Black "Iljin, Timofey"]
[WhiteFideId "4153472"]
[BlackFideId "14110180"]
[WhiteElo "2469"]
[BlackElo "2396"]
[Result "1/2-1/2"]
[Round "11"]
[TimeControl "180+1"]
[Date "2022.04.13"]
[WhiteClock "0:00:02"]
[BlackClock "0:00:04"]

1. d4 d5 2. c4 e6 3. Nf3 Nf6 4. Nc3 Bb4 5. e3 O-O 6. a3 Bxc3+ 7. bxc3 b6 8. cxd5 exd5 9. Bd3 Ba6 10. O-O Bxd3 11. Qxd3 Nc6 12. c4 Na5 13. cxd5 Qxd5 14. a4 c5 15. Rb1 Rfd8 16. h3 Qa2 17. Bd2 Qxa4 18. Qf5 cxd4 19. Bxa5 Rd5 20. Qf4 Qxa5 21. Nxd4 Qc5 22. Rfc1 Qd6 23. Qf3 Rd8 24. Rc6 Qe5 25. Rbc1 h6 26. g4 Rc5 27. R6xc5 bxc5 28. Nc6 Qb2 29. Rxc5 Qb1+ 30. Kg2 Rd1 31. Ne7+ Kf8 32. Nf5 Kg8 33. Rc7 Qe4 34. Qxe4 Nxe4 35. Rxa7 Rd2 36. Kf3 Nxf2 37. Ne7+ Kf8 38. Nf5 Kg8 39. h4 Nd3 40. Ra8+ Kh7 41. Ra7 Rf2+ 42. Kg3 Rd2 43. Rxf7 Kg6 44. Rxg7+ Kf6 45. Rh7 Ne1 46. Rxh6+ Ke5 47. h5 Rg2+ 48. Kh3 Rg1 49. Rh8 Nf3 50. Re8+ Kf6 51. h6 Ng5+ 52. Kh2 Nf3+ 53. Kh3 Ng5+ 54. Kh4 Nf3+ 55. Kh3 1/2-1/2


[Site "https://www.chess.com"]

[Event "Titled Tuesday Blitz April 12 Early 2022"]
[White "Wesolowska, Hanna"]
[Black "Petrova, Irina"]
[WhiteFideId "1104683"]
[BlackFideId "14124122"]
[WhiteElo "2266"]
[BlackElo "1993"]
[Result "0-1"]
[Round "11"]
[TimeControl "180+1"]
[Date "2022.04.13"]
[WhiteClock "0:01:16"]
[BlackClock "0:00:38"]

1. e4 d6 2. d4 Nf6 3. Nc3 e5 4. Nf3 Nbd7 5. Bg5 Be7 6. Be2 O-O 7. O-O c6 8. Qd2 h6 9. Be3 Re8 10. Rfe1 b5 11. a3 Qc7 12. Rad1 Bf8 13. Nh4 a6 14. Nf5 exd4 15. Bxd4 Nxe4 16. Nxe4 Rxe4 17. Bd3 Rxe1+ 18. Rxe1 Ne5 19. f4 Nxd3 20. Qxd3 Bxf5 21. Qxf5 d5 22. Qg4 c5 23. Be5 Qb6 24. f5 f6 25. Bf4 Qc6 26. Bxh6 Re8 27. Re6 Rxe6 28. fxe6 Qd6 29. Bf4 Qe7 30. Qf5 d4 31. h4 c4 32. h5 d3 33. cxd3 cxd3 34. h6 Qc5+ 35. Qxc5 Bxc5+ 36. Kf1 g5 37. Bc7 Be7 38. g4 Kh7 39. Ke1 Kxh6 40. Kd2 Kg6 41. Kxd3 f5 42. gxf5+ Kxf5 43. Kd4 Kxe6 44. Ke4 Bd6 45. Bd8 g4 46. Bh4 g3 47. Kf3 Kd5 48. b3 Kd4 49. Bf6+ Kd3 50. a4 b4 0-1


[Site "https://www.chess.com"]

[Event "Titled Tuesday Blitz April 12 Early 2022"]
[White "Winkels, Marcel"]
[Black "Lauridsen, Jesper Morch"]
[WhiteFideId "1003887"]
[BlackFideId "1401890"]
[WhiteElo "1900"]
[BlackElo "2312"]
[Result "1/2-1/2"]
[Round "11"]
[TimeControl "180+1"]
[Date "2022.04.13"]
[WhiteClock "0:01:18"]
[BlackClock "0:00:30"]

1. e4 e5 2. Nf3 Nf6 3. Nxe5 d6 4. Nf3 Nxe4 5. Nc3 Nxc3 6. dxc3 Be7 7. Be3 O-O 8. Qd2 Nc6 9. O-O-O Be6 10. Kb1 a5 11. Nd4 Nxd4 12. cxd4 a4 13. d5 Bf5 14. Bd3 Bxd3 15. Qxd3 a3 16. b3 Bf6 17. Bd4 Ra5 18. c4 c6 19. dxc6 bxc6 20. Rd2 Re8 21. Rhd1 d5 22. Bc3 Ra8 23. cxd5 cxd5 24. f4 Bxc3 25. Qxc3 Rc8 26. Qd3 Qf6 27. Qd4 Qf5+ 28. Qd3 Qf6 29. Qd4 Qf5+ 30. Qd3 Qf6 1/2-1/2


[Site "https://www.chess.com"]

[Event "Titled Tuesday Blitz April 12 Early 2022"]
[White "Xiong, Jeffery"]
[Black "Abdusattorov, Nodirbek"]
[WhiteFideId "2047640"]
[BlackFideId "14204118"]
[WhiteElo "2727"]
[BlackElo "2663"]
[Result "1/2-1/2"]
[Round "11"]
[TimeControl "180+1"]
[Date "2022.04.12"]
[WhiteClock "0:00:26"]
[BlackClock "0:00:59"]

1. e4 e5 2. Nf3 Nc6 3. Nc3 Nf6 4. d4 exd4 5. Nxd4 Bb4 6. Nxc6 bxc6 7. Bd3 d5 8. exd5 O-O 9. O-O Bg4 10. Ne2 cxd5 11. h3 Bh5 12. c4 Re8 13. Qc2 Bg6 14. Bxg6 hxg6 15. Rd1 Qe7 16. Be3 Bc5 17. Nd4 Bb6 18. Qb3 c5 19. Nc6 Qe4 20. cxd5 c4 21. Qa3 Nxd5 22. Rxd5 Qxd5 23. Ne7+ Rxe7 24. Qxe7 Qb5 25. Bxb6 Qxb2 26. Rd1 Qxb6 27. Rd7 Qb1+ 28. Kh2 Qf5 29. Rd8+ Rxd8 30. Qxd8+ Kh7 31. Qh4+ Kg8 32. Qd8+ Kh7 33. Qh4+ Kg8 34. Qd8+ 1/2-1/2


[Site "https://www.chess.com"]

[Event "Titled Tuesday Blitz April 12 Early 2022"]
[White "Yang, Kaiqi"]
[Black "Gallegos Diaz, Carlos Alberto"]
[WhiteFideId "8604398"]
[BlackFideId "3900886"]
[WhiteElo "2373"]
[BlackElo "2362"]
[Result "1-0"]
[Round "11"]
[TimeControl "180+1"]
[Date "2022.04.13"]
[WhiteClock "0:00:06"]
[BlackClock "0:00:08"]

1. e4 d6 2. d4 Nf6 3. Nc3 c6 4. f3 Nbd7 5. Be3 e5 6. Nge2 b5 7. a3 a6 8. Qd2 Qc7 9. g4 Bb7 10. g5 Nh5 11. Ng3 g6 12. Nxh5 gxh5 13. Bh3 Bg7 14. Bf5 Nf8 15. f4 Ng6 16. fxe5 dxe5 17. d5 Rd8 18. O-O-O cxd5 19. Nxd5 Bxd5 20. exd5 O-O 21. Qf2 e4 22. Bb6 Qe5 23. Bd4 Qe7 24. Bxg7 Qxg5+ 25. Kb1 Kxg7 26. Bxe4 Qe5 27. Bf3 Qf4 28. Qg3 h4 29. Qxf4 Nxf4 30. Rhg1+ Ng6 31. d6 f5 32. Rd4 Kf6 33. b4 Rfe8 34. Bb7 Re6 35. Rgd1 Ke5 36. Bxa6 Rexd6 37. Rxd6 Rxd6 38. Rxd6 Kxd6 39. Bxb5 f4 40. Kc1 Ne5 41. Kd1 Ng4 42. Ke1 Nxh2 43. a4 Ng4 44. Bf1 Ne3 45. c3 h3 46. Bxh3 Nd5 47. Kd2 f3 48. Bf1 f2 49. a5 h5 50. b5 h4 51. c4 Nc7 52. Ke3 Kc5 53. a6 Ne6 54. Kxf2 Kb6 55. Kg1 Nc5 56. Kh2 Ne4 57. Kh3 Nd2 58. Be2 Nb3 59. Kxh4 Nc5 60. Kg3 Ne4+ 61. Kf3 Nd6 62. Bf1 Nc8 63. Ke3 Kc5 64. Kd3 Nb6 65. Ke4 Nc8 66. Ke5 Na7 67. Ke6 Nc8 68. Kd7 Nb6+ 69. Kc7 Na4 70. a7 Nb6 71. Kb7 Nd7 72. a8=Q 1-0


[Site "https://www.chess.com"]

[Event "Titled Tuesday Blitz April 12 Early 2022"]
[White "Yeletsky, Ivan"]
[Black "Bettalli, Francesco"]
[WhiteFideId "24180327"]
[BlackFideId "2816453"]
[WhiteElo "2319"]
[BlackElo "2216"]
[Result "1-0"]
[Round "11"]
[TimeControl "180+1"]
[Date "2022.04.13"]
[WhiteClock "0:01:17"]
[BlackClock "0:00:41"]

1. d4 e5 2. dxe5 Nc6 3. Nf3 Qe7 4. Bg5 Qb4+ 5. Nc3 Qxb2 6. Bd2 Bb4 7. Rb1 Qa3 8. Nd5 Bxd2+ 9. Qxd2 Kd8 10. e4 Nge7 11. Bc4 Qc5 12. Bb3 a5 13. a4 h6 14. O-O d6 15. exd6 Qxd6 16. e5 Qd7 17. Nxe7 Kxe7 18. Qc3 Qg4 19. Qc5+ Ke8 20. h3 Qb4 21. Bxf7+ Kxf7 22. Rxb4 axb4 23. Nd4 Nxd4 24. Qxd4 Be6 25. Qxb4 b6 26. Qc3 c5 27. Qf3+ Kg6 28. Qb7 Rhb8 29. Qc6 Kf7 30. f4 Bf5 31. Qd5+ Kg6 32. c4 Kh7 33. e6 Bc2 34. f5 Rd8 35. Qe5 Rd2 36. f6 gxf6 37. Rxf6 Bg6 38. Qc7+ Rd7 39. Qxd7+ 1-0


[Site "https://www.chess.com"]

[Event "Titled Tuesday Blitz April 12 Early 2022"]
[White "Yurovskykh, Oleksandr"]
[Black "Gabdrakhmanov, Azat"]
[WhiteFideId "14134020"]
[BlackFideId "34189197"]
[WhiteElo "2292"]
[BlackElo "2279"]
[Result "1/2-1/2"]
[Round "11"]
[TimeControl "180+1"]
[Date "2022.04.13"]
[WhiteClock "0:00:03"]
[BlackClock "0:00:02"]

1. d4 Nf6 2. Nf3 g6 3. Bg5 Bg7 4. Nbd2 d5 5. e3 O-O 6. Be2 c5 7. c3 Nc6 8. O-O Bf5 9. dxc5 e5 10. b4 h6 11. Bh4 g5 12. Bg3 Nh5 13. Qb3 Nxg3 14. hxg3 Be6 15. Qc2 Qd7 16. Rfd1 Rad8 17. e4 d4 18. cxd4 exd4 19. Bd3 Nxb4 20. Qb1 Qa4 21. a3 Nxd3 22. Qxd3 b5 23. cxb6 axb6 24. Rdb1 Rb8 25. Rb4 Qd7 26. Rab1 Qd6 27. e5 Bxe5 28. Ne4 Bf5 29. Nxd6 Bxd3 30. Nxe5 Bxb1 31. Rxb1 Rfd8 32. Nexf7 Rd7 33. Kf1 Rxf7 34. Nxf7 Kxf7 35. Ke2 Ke6 36. Kd3 Kd5 37. Rb5+ Kc6 38. a4 Ra8 39. Rb4 Rf8 40. f3 Re8 41. Rxd4 Re1 42. Re4 Rg1 43. Re6+ Kc5 44. Rxh6 Rxg2 45. g4 Ra2 46. Rg6 Ra3+ 47. Ke2 Rxa4 48. Rxg5+ Kd4 49. Rb5 Ra2+ 50. Kd1 Ke3 51. Rf5 b5 52. g5 b4 53. Kc1 Rg2 54. f4 Kd3 55. Rf6 Kc3 56. Rc6+ Kb3 57. g6 Rg1+ 58. Kd2 Rg2+ 59. Kd3 Rg3+ 60. Ke4 Ka2 61. f5 b3 62. Ra6+ Kb1 63. Rb6 b2 64. Ke5 Kc2 65. Rxb2+ Kxb2 66. Kf6 Kc3 67. Kf7 Kd4 68. f6 Ke5 69. g7 Kf5 70. Ke7 Ke5 71. Kf7 Kf5 72. g8=Q Rxg8 73. Kxg8 Kxf6 1/2-1/2


[Site "https://www.chess.com"]

[Event "Titled Tuesday Blitz April 12 Early 2022"]
[White "Zhigalko, Sergei"]
[Black "Harshavardhan G B"]
[WhiteFideId "13502956"]
[BlackFideId "25059009"]
[WhiteElo "2662"]
[BlackElo "1831"]
[Result "1-0"]
[Round "11"]
[TimeControl "180+1"]
[Date "2022.04.12"]
[WhiteClock "0:00:15"]
[BlackClock "0:00:51"]

1. e4 e5 2. Nf3 Nc6 3. Bc4 Nf6 4. d3 Be7 5. O-O O-O 6. Nbd2 d6 7. c3 h6 8. Re1 Kh8 9. h3 Nh7 10. d4 Ng5 11. Bd5 Bf6 12. Bxc6 bxc6 13. dxe5 dxe5 14. Nxg5 Bxg5 15. Nb3 Qf6 16. Bxg5 Qxg5 17. Qd2 Qg6 18. Re3 Be6 19. Nc5 Rad8 20. Qe2 Bc8 21. Rd1 Rd6 22. Kh2 Rfd8 23. Red3 Qf6 24. Qe3 Kh7 25. b4 a6 26. a4 Qe7 27. a5 g6 28. Kg1 Kg7 29. Qe2 Qg5 30. Kh1 Qe7 31. Qe3 h5 32. R1d2 h4 33. Kh2 f5 34. f3 f4 35. Qe2 Qg5 36. Kh1 Qg3 37. Qf1 Qg5 38. Qf2 Kf7 39. Qf1 Ke8 40. Na4 Qg3 41. Nc5 Ke7 42. Rd1 Ke8 43. R1d2 Qg5 44. Rd1 Qe7 45. R1d2 Qf6 46. Rd1 Qf7 47. Qf2 g5 48. Rxd6 cxd6 49. Na4 Qb7 50. Nb6 Be6 51. Qe2 Ke7 52. c4 Qc7 53. Qb2 Rb8 54. Kh2 Rd8 55. Qc3 Qb8 56. Rd2 Kf7 57. Rd1 Ke7 58. c5 d5 59. exd5 cxd5 60. c6 Qc7 61. Qc5+ Kf7 62. Nxd5 Bxd5 63. Rxd5 Rxd5 64. Qxd5+ Ke7 65. b5 axb5 66. a6 b4 67. Qd7+ Qxd7 68. cxd7 b3 69. a7 b2 70. d8=Q+ Kxd8 71. a8=Q+ Kd7 72. Qb7+ Kd6 73. Qxb2 Kd5 74. Qe2 Kd4 75. Qe4+ Kc3 76. Qxe5+ Kd2 77. Qxg5 Kd1 78. Qxf4 Ke2 79. Qxh4 Kf1 80. Qg3 Ke2 81. f4 Kf1 82. Qf3+ Ke1 83. f5 Kd2 84. Qf2+ Kd3 85. f6 Kc3 86. f7 Kd3 87. f8=Q Ke4 88. Q8f3+ Ke5 89. Q2g3+ Kd4 90. Qff4+ Kd5 91. Qgg5+ Ke6 92. Qff6+ Kd7 93. Qgg7+ Ke8 94. Qff8# 1-0


[Site "https://www.chess.com"]

[Event "Titled Tuesday Blitz April 12 Early 2022"]
[White "Zhu, Jiner"]
[Black "Jumabayev, Rinat"]
[WhiteFideId "8608059"]
[BlackFideId "13702661"]
[WhiteElo "2281"]
[BlackElo "2561"]
[Result "0-1"]
[Round "11"]
[TimeControl "180+1"]
[Date "2022.04.12"]
[WhiteClock "0:00:11"]
[BlackClock "0:00:08"]

1. e4 c5 2. Nf3 d6 3. d4 cxd4 4. Nxd4 Nf6 5. Nc3 Nc6 6. Bg5 e6 7. Qd2 a6 8. O-O-O Bd7 9. f3 Be7 10. Nxc6 Bxc6 11. h4 h6 12. Be3 d5 13. exd5 Nxd5 14. Nxd5 Bxd5 15. Kb1 Rc8 16. Qf2 Qa5 17. a3 Bxa3 18. c4 Bxc4 19. Bxc4 Rxc4 20. bxa3 Qxa3 21. Bc1 Rb4+ 22. Bb2 O-O 23. Rd4 Rb5 24. Rhd1 a5 25. Qc2 Qe7 26. g3 h5 27. Ka1 Qf6 28. R4d3 Qf5 29. Rc3 Qxc2 30. Rxc2 Rf5 31. f4 Rb5 32. Rd7 b6 33. Rcc7 Rb3 34. Ka2 Rxg3 35. Ba3 Rg2+ 36. Kb1 Rg1+ 37. Ka2 Rg2+ 38. Kb3 Rg3+ 39. Ka4 b5+ 40. Kxb5 Rxa3 41. Ra7 Rf3 42. Rxa5 Rxf4 43. Raa7 Rxh4 0-1


[Site "https://www.chess.com"]

[Event "Titled Tuesday Blitz April 12 Early 2022"]
[White "Zia, Tahsin Tajwar"]
[Black "Nguyen Hong Nhung"]
[WhiteFideId "10211888"]
[BlackFideId "12412201"]
[WhiteElo "1800"]
[BlackElo "1758"]
[Result "1-0"]
[Round "11"]
[TimeControl "180+1"]
[Date "2022.04.13"]
[WhiteClock "0:00:53"]
[BlackClock "0:00:50"]

1. e4 c5 2. Nf3 e6 3. b3 Nf6 4. Nc3 d6 5. Bb2 e5 6. Bb5+ Bd7 7. a4 g6 8. O-O Bg7 9. d3 O-O 10. Nd5 Nxd5 11. exd5 Qe8 12. Bxd7 Nxd7 13. Re1 Qd8 14. c3 Nb6 15. d4 exd4 16. cxd4 Nxd5 17. Rb1 b6 18. Qd2 Nb4 19. h4 Qc8 20. h5 h6 21. Re7 Nd5 22. Re4 Qf5 23. Rh4 1-0


[Site "https://www.chess.com"]

[Event "Titled Tuesday Blitz April 12 Early 2022"]
[White "Zierk, Steven"]
[Black "Xu, Yi"]
[WhiteFideId "2034255"]
[BlackFideId "8605564"]
[WhiteElo "2494"]
[BlackElo "2471"]
[Result "1-0"]
[Round "11"]
[TimeControl "180+1"]
[Date "2022.04.12"]
[WhiteClock "0:00:06"]
[BlackClock "0:00:04"]

1. d4 Nf6 2. c4 e6 3. Nf3 d5 4. Nc3 Bb4 5. cxd5 exd5 6. Bg5 h6 7. Bh4 Bf5 8. Rc1 O-O 9. e3 c5 10. dxc5 Nc6 11. a3 Bxc3+ 12. bxc3 g5 13. Bg3 Ne4 14. Nd4 Bg6 15. Be2 Nxc5 16. O-O Ne4 17. c4 Nxg3 18. hxg3 Nxd4 19. Qxd4 dxc4 20. Qxc4 Qe7 21. Qb3 Rac8 22. Bg4 Rxc1 23. Rxc1 Rd8 24. Bf3 b6 25. Bd5 Kg7 26. e4 Bxe4 27. Bxe4 Qxe4 28. Rc7 Qe1+ 29. Kh2 Qxf2 30. Rxa7 Rd6 31. Ra8 Qe2 32. Qc3+ Rf6 33. Rb8 Qe6 34. Qc7 Qg4 35. Qd8 Re6 36. Qh8+ Kg6 37. Rg8+ Kf5 38. Qh7+ Kf6 39. Qxh6+ Kf5 40. Qh7+ Kf6 41. Rg7 Re7 42. Qh6+ Kf5 43. Rh7 Qe2 44. Qxb6 Qe6 45. Qc5+ Kg6 46. Rh8 Kg7 47. Rh5 f6 48. Qc2 Qe4 49. Qc8 Qg6 50. Qh8+ Kf7 51. Rh7+ Ke6 52. Qc8+ Kd5 53. Rxe7 Qh6+ 54. Qh3 Qf8 55. Qe6+ Kd4 56. Rd7+ Kc3 57. Qc6+ Kb2 58. Rb7+ Ka1 59. Qc1+ Ka2 60. Qb2# 1-0